 Dungeon Crawl Stone Soup version 0.30-a0-1160-g6e42c06551 (webtiles) character file.

Game seed: 13076601662982094796

1488 iambehindu the Cleaver (level 8, -1/64 HPs)
             Began as a Minotaur Berserker on Apr 26, 2023.
             Was an Elder of Trog.
             Slain by a water moccasin (5 damage)
             ... on level 7 of the Dungeon.
             The game lasted 00:19:29 (6215 turns).

iambehindu the Cleaver (Minotaur Berserker)         Turns: 6215, Time: 00:19:30

Health: -1/64      AC:  3    Str: 23    XL:     8   Next: 51%
Magic:  7/7        EV: 12    Int:  4    God:    Trog [****..]
Gold:   284        SH:  0    Dex: 11    Spells: 7/7 levels left

rFire   . . .        d - +0 war axe
rCold   . . .        (no shield)
rNeg    + . .        (no body armour)
rPois   .            (helmet restricted)
rElec   .            (no cloak)
rCorr   +            n - +0 pair of gloves
SInv    .            m - +1 pair of boots
Will    .....        (no amulet)
Stlth   +            o - ring of positive energy
HPRegen 0.30/turn    v - ring of resist corrosion
MPRegen 0.10/turn

%: no passive effects
@: lethally poisoned (-1 -> -14)
A: horns 2, retaliatory headbutt
a: Renounce Religion, Berserk, Trog's Hand, Brothers in Arms


You were on level 7 of the Dungeon.
You worshipped Trog.
Trog was greatly pleased with you.
You visited 1 branch of the dungeon, and saw 7 of its levels.

You collected 284 gold pieces.

Inventory:

Hand Weapons
 a - a +0 hand axe
 d - a +0 war axe (weapon)
 D - a +0 battleaxe
Armour
 b - a +0 animal skin
 l - a scarf of invisibility
 m - a +1 pair of boots (worn)
 n - a +0 pair of gloves (worn)
 C - a +0 scale mail
Jewellery
 o - a ring of positive energy (left hand)
 u - a ring of protection from cold
 v - a ring of resist corrosion (right hand)
Scrolls
 i - a scroll of amnesia {unknown}
 j - a scroll of teleportation {unknown}
 k - 3 scrolls of magic mapping
 p - 2 scrolls of torment {unknown}
 s - 5 scrolls of identify
 t - 2 scrolls of vulnerability {unknown}
 w - a scroll of enchant armour {unknown}
 y - a scroll of fear {unknown}
 E - a scroll of blinking {unknown}
Potions
 c - 4 potions of resistance {unknown}
 e - 2 potions of degeneration {unknown}
 f - a potion of lignification {unknown}
 g - 7 potions of curing
 h - 2 potions of attraction {unknown}
 q - 2 potions of might {unknown}
 r - a potion of berserk rage {unknown}
 x - 2 potions of mutation {unknown}
 z - 3 potions of flight
 A - a potion of haste {unknown}
 B - 2 potions of heal wounds {unknown}


   Skills:
 - Level 3.6 Fighting
 + Level 12.5 Axes
 + Level 4.0 Armour
 - Level 2.1 Dodging
 - Level 1.0 Stealth


You had 7 spell levels left.
You didn't know any spells.
Your spell library was empty.

Dungeon Overview and Level Annotations

Branches:
Dungeon (7/15)
 Temple: D:4-7

Altars:
Fedhas
Gozag
Uskayaw
Yredelemnul
The Shining One

Shops:
D:3 :([:

Annotations:
D:3 1 runed translucent door, Crazy Yiuf


Innate Abilities, Weirdness & Mutations

You have a pair of horns on your head.
You reflexively headbutt those who attack you in melee.


Message History

You closely miss the ice beast.
You feel very sick. The water moccasin bites you.
You are more poisoned.
The water moccasin poisons you! The ice beast misses you.
You closely miss the water moccasin.
Your headbutt misses the water moccasin.
The water moccasin is heavily wounded.
You hit the ice beast.
You feel very sick. The water moccasin closely misses you.
You barely miss the water moccasin.
The water moccasin is heavily wounded.
You closely miss the ice beast.
You feel very sick. The water moccasin bites you.
You are lethally poisoned!
The water moccasin poisons you! The ice beast closely misses you.
You feel extremely sick.
The water moccasin bites you but does no damage.
The water moccasin bites you.
* * * LOW HITPOINT WARNING * * *
There is a stone staircase leading down here.
* * * LOW HITPOINT WARNING * * *
You feel very sick. The water moccasin barely misses you.
The ice beast barely misses you.
You climb downwards.
You hear the roar of battle.
There is an entrance to a bailey on this level.
Hurry and find it before the portal closes forever!
* * * LOW HITPOINT WARNING * * *
You feel very sick.
The lemure shouts! x2
Found 3 gold pieces.
Found a stone staircase leading up and a stone staircase leading down.
There is a stone staircase leading up here.
* * * LOW HITPOINT WARNING * * *
You feel very sick.
The lemure shouts!
The water moccasin bites you.
You die...

#......
#......
.......
.......##
........#
....><..#
........#
......S@#
........Y#
.........#
#........#
#...$....#
##....5..#
#..5..5##
##5....#


You could see a water moccasin, an ice beast and 4 lemures.

Vanquished Creatures
  A water moccasin (D:6)
  An ice beast (D:4)
  2 ogres (D:5)
  A phantom (D:5)
  A kobold brigand (D:5)
  3 necrophages (D:5)
  2 scorpions
  2 bullfrog zombies (D:5)
  A centaur zombie (D:5)
  A jelly (D:6)
  4 hounds
  3 orc priests (D:5)
  A sleepcap (D:4)
  An iguana (D:4)
  4 orc wizards
  A hound zombie (D:5)
  An adder (D:2)
  4 gnolls
  A shadow imp (D:5)
  A white imp (D:3)
  An adder zombie (D:5)
  2 worms
  2 dart slugs (D:1)
  19 orcs
  3 ball pythons
  3 bats (D:2)
  6 endoplasms
  5 giant cockroaches
  8 hobgoblins
  2 jackals (D:4)
  3 quokkas
  3 frilled lizards
  2 goblins
  15 kobolds
  4 rats
  A spectral orc (D:6)
115 creatures vanquished.

Vanquished Creatures (others)
  2 bushes (D:5)
  20 plants
22 creatures vanquished.

Grand Total: 137 creatures vanquished

Notes
Turn   | Place    | Note
-------+----------+-------------------------------------------
     0 | D:1      | iambehindu the Minotaur Berserker began the quest for the
                  | Orb.
     0 | D:1      | Reached XP level 1. HP: 19/19 MP: 0/0
    58 | D:1      | Reached skill level 4 in Axes
   187 | D:1      | Reached XP level 2. HP: 26/26 MP: 1/1
   579 | D:1      | Reached skill level 5 in Axes
   660 | D:1      | Reached XP level 3. HP: 26/31 MP: 2/2
  1007 | D:2      | Reached ** piety under Trog
  1079 | D:2      | You fall into a shaft and drop 2 floors!
  1106 | D:3      | Found Javyenis's Armour Boutique.
  1169 | D:3      | Found Hiqesm's Book Emporium.
  1244 | D:3      | Found a faded altar of an unknown god.
  1279 | D:3      | Found Mikain's Antique Weapon Emporium.
  1331 | D:3      | Found an opulent altar of Gozag.
  1415 | D:3      | Found Feudap's Book Boutique.
  1511 | D:3      | Found a runed translucent door.
  1512 | D:3      | Noticed Crazy Yiuf
  1791 | D:2      | Reached XP level 4. HP: 39/39 MP: 3/3
  2512 | D:2      | Reached skill level 6 in Axes
  2747 | D:4      | Noticed a scorpion
  2764 | D:4      | Killed a scorpion
  2765 | D:4      | Reached skill level 7 in Axes
  2765 | D:4      | Reached skill level 1 in Stealth
  2765 | D:4      | Reached XP level 5. HP: 29/45 MP: 4/4
  2859 | D:4      | Noticed an ice beast
  2865 | D:4      | Killed an ice beast
  3120 | D:4      | Reached XP level 6. HP: 51/51 MP: 5/5
  3123 | D:4      | Reached skill level 8 in Axes
  3265 | D:4      | Found a hide-covered altar of Uskayaw.
  3395 | D:4      | Reached *** piety under Trog
  3977 | D:5      | Entered Level 5 of the Dungeon
  4199 | D:5      | Found a glowing golden altar of the Shining One.
  4340 | D:5      | Reached skill level 9 in Axes
  4340 | D:5      | Reached XP level 7. HP: 34/57 MP: 6/6
  4766 | D:5      | Reached skill level 10 in Axes
  5134 | D:5      | Found a blossoming altar of Fedhas.
  5379 | D:5      | Reached skill level 11 in Axes
  5392 | D:5      | Reached XP level 8. HP: 47/64 MP: 7/7
  5647 | D:6      | Reached skill level 12 in Axes
  5972 | D:5      | Reached **** piety under Trog
  6149 | D:6      | Found a basalt altar of Yredelemnul.
  6215 | D:7      | Slain by a water moccasin

Illustrated notes

Levels and vault maps discovered:
D:1:      psy_arrival_basics, layout_basic
D:2:      layout_basic, patterned_corridor
D:3:      layout_rooms, mainiacjoe_overflow_paths,
          dreamdust_ecumenical_altar_hidden_monk_grotto, serial_shops, shop,
          nicolae_shop_real_fake_doors, shop, nicolae_shop_overgrown_old_shop,
          small_statue_intersection, uniq_crazy_yiuf_cottage
D:4:      layout_basic, mainiacjoe_overflow_alcove_4
D:5:      layout_loops_ring, fedhas_altar_decomposition, tso_metal_star
D:6:      layout_basic, yredelemnul_forgotten_temple_becter,
          kennysheep_generic_room_4, uniq_blork_the_orc
D:7:      layout_cave_pods, minmay_temple_entry_statues, enter_bailey_3,
          serial_shops, shop, uniq_pikel, uniq_menkaure

Skill      XL: |  1  2  3  4  5  6  7  8 |
---------------+-------------------------+-----
Axes           | 4 5 7 9 11 12 | 12.5
Stealth        | 1 |  1.0
Armour         | 3 4 |  4.0
Fighting       | |  3.6
Dodging        | |  2.1

Action                     |  1- 3 |  4- 6 |  7- 9 || total
---------------------------+-------+-------+-------++-------
  Melee: Hand axe          |    81 |    55 |       ||   136
         Headbutt          |    12 |    14 |    15 ||    41
         Punch             |     1 |       |     1 ||     2
         War axe           |       |    25 |    59 ||    84
         Battleaxe         |       |       |    62 ||    62
    Use: Scroll            |       |     3 |       ||     3
   Stab: Sleeping          |     1 |       |     1 ||     2
 Armour: Animal skin       |     6 |       |       ||     6
         Chain mail        |    18 |    22 |       ||    40
         Skin              |       |     3 |    25 ||    28
  Dodge: Dodged            |    50 |    31 |    78 ||   159

Table legend: (Time is in decaauts)
 A = Elapsed time spent in this place.
 B = Non-inter-level travel time spent in this place.
 C = Inter-level travel time spent in this place.
 D = Time resting spent in this place.
 E = Time spent auto-exploring this place.
 F = Levels seen in this place.
 G = Mean time per level.
                   A        B        C        D        E       F      G
               +--------+--------+--------+--------+--------+-----+--------+
         Total |   6224 |   6224 |      0 |      0 |   2744 |   7 |  889.1 |
       Dungeon |   6224 |   6224 |      0 |      0 |   2744 |   7 |  889.1 |
               +--------+--------+--------+--------+--------+-----+--------+

Top non-repeatable levels by time:
     D:5: 1954 daAuts
     D:4: 1329 daAuts
     D:2: 966 daAuts
     D:1: 935 daAuts
     D:3: 744 daAuts
     D:6: 293 daAuts
     D:7: 0 daAuts
